 Dungeon Crawl Stone Soup version 0.18.1-48-g4cf74bf (webtiles) character file.

13770 Peloso the Blocker (level 11, -1/101 HPs)
             Began as a Minotaur Fighter on Sept 11, 2016.
             Was the Champion of Okawaru.
             Slain by Snorg (11 damage)
             ... on level 11 of the Dungeon.
             The game lasted 00:22:42 (8288 turns).

Peloso the Blocker (Minotaur Fighter)               Turns: 8288, Time: 00:22:44

Health: -1/101     AC: 21    Str: 22    XL:     11   Next: 79%
Magic:  10/10      EV:  7    Int:  5    God:    Okawaru [******]
Gold:   529        SH: 13    Dex: 12    Spells: 0 memorised, 10 levels left

rFire  . . .     SeeInvis .     k - +7 Screaming Sword
rCold  . . .     Gourm    .     e - +0 plate armour
rNeg   . . .     Faith    .     c - +0 shield
rPois  .         Spirit   .     P - +2 hat {MR+}
rElec  .         Dismiss  .     L - +2 cloak
rCorr  .         Reflect  .     F - +0 pair of gloves
SustAt +         Harm     .     (no boots)
MR     ++...                    G - amulet of inaccuracy (curse)
Stlth  ..........               g - ring of protection from magic
                                E - ring of sustain attributes

@: very resistant to hostile enchantments, extremely unstealthy
A: retaliatory headbutt, horns 2
a: Heroism, Finesse, Renounce Religion


You were on level 11 of the Dungeon.
You worshipped Okawaru.
Okawaru was exalted by your worship.
You were not hungry.

You visited 2 branches of the dungeon, and saw 12 of its levels.

You collected 529 gold pieces.

Inventory:

Hand Weapons
 a - a +0 long sword
 k - the +7 Screaming Sword (weapon)
   (You found it on level 5 of the Dungeon)
 q - a +5 short sword
 N - a cursed -1 whip
 R - a +3 spear
 S - a +1 falchion of freezing
 V - a +1 dagger
 W - a cursed +3 spear
Armour
 c - a +0 shield (worn)
 e - a +0 plate armour (worn)
 F - a +0 pair of gloves (worn)
 L - a +2 cloak (worn)
 P - a +2 hat of magic resistance (worn)
Jewellery
 g - a ring of protection from magic (right hand)
 E - a ring of sustain attributes (left hand)
 G - a cursed amulet of inaccuracy (around neck)
 H - an uncursed ring of positive energy
Wands
 b - a wand of flame (31/48)
 j - a wand of random effects (44/48)
 r - a wand of digging (24/24)
 T - a wand of disintegration (8/24)
Scrolls
 h - a scroll of identify
 n - a scroll of enchant weapon
 u - 4 scrolls of remove curse {unknown}
 w - 2 scrolls of magic mapping {unknown}
 x - 3 scrolls of enchant armour {unknown}
 A - a scroll of acquirement {unknown}
 K - a scroll of noise {unknown}
 M - a scroll of fog {unknown}
 Z - a scroll of blinking
Potions
 d - 3 potions of might
 i - 3 potions of cancellation
 o - 2 potions of brilliance
 p - a potion of ambrosia {unknown}
 s - 2 potions of berserk rage
 t - a potion of heal wounds {unknown}
 z - a potion of curing
 D - 2 potions of haste {unknown}
 J - a potion of flight {unknown}
 O - a potion of cure mutation {unknown}
Books
 y - a book of the Sky

   Spells                             Type                      Level
   a - Summon Lightning Spire         Summoning/Air                4
   b - Airstrike                      Air                          4
   c - Silence                        Hexes/Air                    5
   d - Deflect Missiles               Charms/Air                   6
   e - Conjure Ball Lightning         Conjuration/Air              6
   f - Tornado                        Air                          9
 C - a book of Enchantments

   Spells                             Type                      Level
   a - Cause Fear                     Hexes                        4
   b - Yara's Violent Unravelling     Hexes/Transmutation          5
   c - Silence                        Hexes/Air                    5
   d - Deflect Missiles               Charms/Air                   6
   e - Haste                          Charms                       6
   f - Discord                        Hexes                        8
 U - the Compendium of Ensnaring Intoxication
   (You found it on level 9 of the Dungeon)

   Spells                             Type                      Level
   a - Sting                          Conjuration/Poison           1
   b - Cure Poison                    Poison                       2
   c - Dazzling Spray                 Conjuration/Hexes            3
   d - Summon Guardian Golem          Hexes/Summoning              3
   e - Fulminant Prism                Conjuration/Hexes            4
   f - Olgreb's Toxic Radiance        Poison                       4
Comestibles
 f - 7 bread rations
 l - 3 beef jerkies
 v - 2 meat rations
 B - 8 royal jellies


   Skills:
 + Level 10.8 Fighting
 + Level 12.6 Long Blades
 + Level 10.1 Armour
 + Level 2.9 Dodging
 + Level 1.0 Stealth
 + Level 12.7 Shields


You had 10 spell levels left.
You didn't know any spells.

Dungeon Overview and Level Annotations

Branches:
Dungeon (11/15)            Temple (1/1) D:4            Lair (0/8) D:9
    Orc: D:9-12

Altars:
Ashenzari
Cheibriados
Dithmenos
Fedhas
Gozag
Nemelex Xobeh
Okawaru
Pakellas
Qazlal
Ru
Sif Muna
Trog
Vehumet
Yredelemnul
Zin
The Shining One

Shops:
D:6 }   D:7 :

Annotations:
D:11 Maurice, Snorg


Innate Abilities, Weirdness & Mutations

You reflexively headbutt those who attack you in melee.
You have a pair of horns on your head.


Message History

Snorg claws you.
* * * LOW HITPOINT WARNING * * *
The gnoll hits you but does no damage. You block Snorg's attack.
Snorg claws you but does no damage. Snorg closely misses you.
You slash Snorg!
Snorg is severely wounded.
The gnoll hits you but does no damage. You block Snorg's attack.
Snorg claws you!
* * * LOW HITPOINT WARNING * * *
Snorg claws you but does no damage.
Unknown command.
Drink which item? (? for menu, Esc to quit)
You feel better.
The Screaming Sword chimes like a gong.
Snorg and the gnoll are hurt by the noise.
You kill the gnoll!
Okawaru accepts your kill.
You hear an angry buzzing noise.
You hear a horrible gurgling sound!
You block Snorg's attack. Snorg claws you!
You die...

#######
.......
.......####
......)T@.#
......)##.#
.>..... #.#
.......
#.####
...>...
#.<..+
.......
######
##+####


You could see Snorg (berserk).

Vanquished Creatures
  Gastronok (D:8)
  Fannar (D:10)
  Erolcha (D:8)
  Erica (D:11)
  The ghost of Gargoyl the Protected, a novice DsAK of Lugonu (D:7)
  3 hill giants
  An elephant (D:9)
  A troll (D:10)
  A queen bee (D:8)
  Grinder (D:6)
  Sigmund (D:6)
  7 yaks (D:9)
  A hippogriff (D:10)
  2 hungry ghosts
  Grum (D:8)
  Edmund (D:6)
  2 water moccasins (D:9)
  3 orc warriors
  2 sky beasts
  2 ice beasts
  A black bear (D:10)
  An ogre (D:7)
  A phantom (D:4)
  3 wolves (D:8)
  3 centaurs
  A crocodile (D:9)
  2 big kobolds
  2 giant frogs
  A gnoll sergeant (D:11)
  A water moccasin zombie (D:8)
  6 scorpions
  A jelly (D:8)
  23 killer bees
  8 wights
  5 howler monkeys
  2 crimson imps (D:9)
  A hound (D:10)
  A wasp zombie (D:8)
  A giant frog zombie (D:9)
  5 orc priests
  4 orc wizards
  3 iguanas
  Crazy Yiuf (D:2)
  2 centaur skeletons (D:5)
  Natasha (thrice) (D:2)
  10 worker ants
  A sheep (D:9)
  A hound zombie (D:7)
  A worker ant zombie (D:9)
  12 gnolls
  15 adders
  4 shadow imps
  An ooze (D:1)
  A worm (D:3)
  A dart slug (D:1)
  A giant gecko (D:2)
  16 orcs
  4 ball pythons
  7 giant cockroaches
  5 goblins
  7 hobgoblins
  10 jackals
  2 quokkas
  15 bats
  A giant gecko zombie (D:9)
  5 giant newts
  14 kobolds
  A quokka zombie (D:8)
  A rat (D:1)
  A bush (D:3)
  9 fungi
262 creatures vanquished.

Vanquished Creatures (others)
  5 fungi (D:5)
  4 toadstools (D:1)
9 creatures vanquished.

Grand Total: 271 creatures vanquished

Notes
Turn   | Place    | Note
--------------------------------------------------------------
     0 | D:1      | Peloso the Minotaur Fighter began the quest for the Orb.
     0 | D:1      | Reached XP level 1. HP: 19/19 MP: 0/0
   150 | D:1      | Reached XP level 2. HP: 27/27 MP: 1/1
   641 | D:1      | Reached XP level 3. HP: 33/33 MP: 2/2
   786 | D:2      | Found an opulent altar of Gozag.
   839 | D:2      | Found a shattered altar of Ashenzari.
   841 | D:2      | Found a basalt altar of Yredelemnul.
   891 | D:2      | Noticed Natasha
   904 | D:2      | Killed Natasha
   904 | D:2      | Reached XP level 4. HP: 32/40 MP: 3/3
   962 | D:2      | Found an oddly glowing altar of Pakellas.
  1086 | D:2      | You fall through a shaft!
  1240 | D:2      | Noticed Natasha
  1253 | D:2      | Killed Natasha
  1276 | D:2      | Noticed Crazy Yiuf
  1279 | D:2      | Killed Crazy Yiuf
  1279 | D:2      | Reached skill level 5 in Shields
  1279 | D:2      | Reached XP level 5. HP: 47/47 MP: 4/4
  1298 | D:2      | Noticed Natasha
  1308 | D:2      | Killed Natasha
  2275 | D:4      | Found a deep blue altar of Sif Muna.
  2290 | D:4      | Reached XP level 6. HP: 55/55 MP: 5/5
  2323 | D:4      | Found a staircase to the Ecumenical Temple.
  2388 | D:4      | Reached skill level 5 in Fighting
  2397 | D:4      | Reached skill level 5 in Armour
  2442 | Temple   | Entered the Ecumenical Temple
  2574 | Temple   | Became a worshipper of Warmaster Okawaru
  2949 | D:5      | Entered Level 5 of the Dungeon
  3005 | D:5      | Reached XP level 7. HP: 55/61 MP: 6/6
  3363 | D:5      | Reached * piety under Okawaru
  3380 | D:5      | Reached skill level 5 in Long Blades
  3391 | D:5      | Reached skill level 1 in Dodging
  3848 | D:6      | Reached XP level 8. HP: 70/70 MP: 7/7
  3916 | D:6      | Found an oddly glowing altar of Pakellas.
  4008 | D:6      | Noticed Edmund
  4016 | D:6      | Killed Edmund
  4176 | D:6      | Noticed Grinder
  4194 | D:6      | Killed Grinder
  4194 | D:6      | Reached ** piety under Okawaru
  4223 | D:6      | Found a radiant altar of Vehumet.
  4224 | D:6      | Noticed Sigmund
  4232 | D:6      | Killed Sigmund
  4338 | D:6      | Found Lepigy's Gadget Boutique.
  4653 | D:7      | Found Rosox's Book Shop.
  4735 | D:7      | Noticed Gargoyl's ghost (novice DsAK)
  4744 | D:7      | Reached XP level 9. HP: 78/78 MP: 8/8
  4762 | D:7      | Killed Gargoyl's ghost
  4762 | D:7      | Reached *** piety under Okawaru
  5007 | D:7      | Reached skill level 10 in Shields
  5015 | D:7      | Reached **** piety under Okawaru
  5596 | D:8      | Noticed a queen bee
  5607 | D:8      | Killed a queen bee
  5607 | D:8      | Reached XP level 10. HP: 26/88 MP: 9/9
  6120 | D:8      | Noticed a hill giant
  6125 | D:8      | Killed a hill giant
  6190 | D:8      | Noticed Grum
  6199 | D:8      | Killed Grum
  6199 | D:8      | Reached ***** piety under Okawaru
  6450 | D:8      | Found a sparkling altar of Nemelex Xobeh.
  6738 | D:8      | Noticed Gastronok
  6746 | D:8      | Killed Gastronok
  6746 | D:8      | Reached skill level 10 in Long Blades
  6746 | D:8      | Reached skill level 1 in Stealth
  6935 | D:8      | Noticed Erolcha
  6941 | D:8      | Killed Erolcha
  6941 | D:8      | Reached ****** piety under Okawaru
  6941 | D:8      | Reached XP level 11. HP: 78/97 MP: 10/10
  7301 | D:9      | Reached skill level 10 in Fighting
  7311 | D:9      | Received a gift from Okawaru
  7400 | D:9      | Identified the Compendium of Ensnaring Intoxication
  7447 | D:9      | Received a gift from Okawaru
  7454 | D:9      | Found a staircase to the Lair.
  7586 | D:9      | Found a blossoming altar of Fedhas.
  7625 | D:10     | Entered Level 10 of the Dungeon
  7682 | D:10     | Noticed Fannar
  7685 | D:10     | Noticed a hill giant
  7693 | D:10     | Killed Fannar
  7696 | D:10     | Killed a hill giant
  8066 | D:10     | Reached skill level 10 in Armour
  8106 | D:10     | Noticed a hill giant
  8112 | D:10     | Killed a hill giant
  8253 | D:11     | Noticed Erica
  8253 | D:11     | Noticed Maurice
  8270 | D:11     | Killed Erica
  8271 | D:11     | Noticed Snorg
  8287 | D:11     | HP: 3/101 [Snorg (8)]
  8288 | D:11     | Slain by Snorg

Skill      XL: |  1  2  3  4  5  6  7  8  9 10 11 |
---------------+----------------------------------+-----
Fighting       | 4 5 6 8 9 10 | 10.8
Shields        | 4 5 6 7 9 10 11 12 | 12.7
Armour         | 4 5 6 8 9 10 | 10.1
Long Blades    | 3 4 5 7 8 10 12 | 12.6
Dodging        | 1 2 |  2.9
Stealth        | 1 |  1.0

Action                   |  1- 3 |  4- 6 |  7- 9 | 10-12 || total
-------------------------+-------+-------+-------+-------++-------
Melee: Long sword        |   123 |   192 |    50 |       ||   365
       Headbutt          |     9 |    47 |    47 |    58 ||   161
       Double sword      |       |       |   235 |   313 ||   548
  Use: Scroll            |       |       |     5 |     8 ||    13
       Potion            |       |       |       |     1 ||     1
  Eat: Chunk             |       |     5 |    10 |    10 ||    25
       Fruit             |       |     1 |     1 |     1 ||     3
Armor: Scale mail        |     9 |       |       |       ||     9
       Plate armour      |   103 |    85 |   180 |   138 ||   506
Dodge: Dodged            |    33 |    32 |    78 |    79 ||   222
Block: Shield            |    66 |    89 |   211 |   182 ||   548
